 Dungeon Crawl Stone Soup version 0.19.5 (webtiles) character file.

3019 McKennaii the Thaumaturge (level 9, 0/45 HPs)
             Began as a Deep Elf Fire Elementalist on May 8, 2017.
             Was a Believer of Vehumet.
             Succumbed to a killer bee's poison
             ... on level 8 of the Dungeon.
             The game lasted 00:15:21 (7142 turns).

McKennaii the Thaumaturge (DEFE)                    Turns: 7142, Time: 00:15:22

Health: 0/45       AC: 10    Str:  5    XL:     9   Next: 55%
Magic:  10/25      EV: 17    Int: 24    God:    Vehumet [**....]
Gold:   368        SH:  0    Dex: 15    Spells: 5 memorised, 15 levels left

rFire  . . .     SeeInvis .     (no weapon)
rCold  + . .     Gourm    .     e - +3 leather armour
rNeg   . . .     Faith    .     (no shield)
rPois  .         Spirit   .     E - +0 helmet
rElec  .         Reflect  .     J - +0 cloak
rCorr  .         Harm     .     o - +0 pair of gloves
MR     .....                    G - +0 pair of boots
Stlth  +++.......               (no amulet)
                                a - ring of protection from cold
                                t - +3 ring of evasion

@: lethally poisoned (0 -> -6)
A: no striking features
a: Renounce Religion


You were on level 8 of the Dungeon.
You worshipped Vehumet.
Vehumet was pleased with you.
You were hungry.

You visited 2 branches of the dungeon, and saw 9 of its levels.

You collected 368 gold pieces.

Inventory:

Armour
 e - a +3 leather armour (worn)
 o - a +0 pair of gloves (worn)
 E - a +0 helmet (worn)
 G - a +0 pair of boots (worn)
 J - a +0 cloak (worn)
Jewellery
 a - a ring of protection from cold (right hand)
 n - an uncursed ring of poison resistance
 t - a +3 ring of evasion (left hand)
 w - an uncursed ring of flight
 I - an uncursed ring of stealth
Wands
 r - a wand of enslavement (15/24)
 C - a wand of lightning (10/15)
Scrolls
 d - 4 scrolls of enchant weapon
 g - a scroll of teleportation
 j - 7 scrolls of identify
 m - 3 scrolls of remove curse
 q - a scroll of magic mapping {unknown}
 y - 2 scrolls of immolation {unknown}
 z - a scroll of recharging {unknown}
 D - 3 scrolls of noise {unknown}
Potions
 f - 2 potions of might
 i - 2 potions of degeneration {unknown}
 k - 2 potions of flight {unknown}
 l - 3 potions of ambrosia {unknown}
 s - a potion of curing {unknown}
 u - 2 potions of agility {unknown}
 v - 2 potions of haste {unknown}
 x - 2 potions of magic {unknown}
 F - a potion of beneficial mutation {unknown}
 H - a potion of cancellation {unknown}
Books
 b - a book of Flames

   Spells                             Type                      Level
   a - Flame Tongue                   Conjuration/Fire             1
   b - Throw Flame                    Conjuration/Fire             2
   c - Conjure Flame                  Conjuration/Fire             3
   d - Inner Flame                    Hexes/Fire                   3
   e - Sticky Flame                   Conjuration/Fire             4
   f - Fireball                       Conjuration/Fire             5
Comestibles
 c - 8 bread rations
 h - 6 meat rations
 p - 6 fruits
 A - 4 beef jerkies


   Skills:
 + Level 0.2 Fighting
 + Level 1.4 Armour
 + Level 5.4 Dodging
 + Level 4.4 Stealth
 + Level 10.3 Spellcasting
 + Level 7.7 Conjurations
 + Level 7.7 Fire Magic


You had 15 spell levels left.
You knew the following spells:

 Your Spells              Type           Power        Failure   Level  Hunger
a - Flame Tongue          Conj/Fire      #####        1%          1    None
b - Throw Flame           Conj/Fire      #####.       1%          2    None
c - Conjure Flame         Conj/Fire      #####...     1%          3    None
d - Searing Ray           Conj           #####.       1%          2    None
f - Fireball              Conj/Fire      #####.....   12%         5    ####...


Dungeon Overview and Level Annotations

Branches:
Dungeon (8/15)             Temple (1/1) D:4            Lair (0/6) D:8

Altars:
Ashenzari
Cheibriados
Dithmenos
Elyvilon
Fedhas
Gozag
Hepliaklqana
Kikubaaqudgha
Makhleb
Nemelex Xobeh
Okawaru
Qazlal
Ru
Sif Muna
Trog
Uskayaw
Vehumet
Xom
Yredelemnul
Zin
The Shining One

Shops:
D:4 %   D:6 (

Annotations:
D:8 Grum


Message History

* * * LOW HITPOINT WARNING * * *
Casting: Flame Tongue
Confirm with . or Enter, or press ? or * to list all spells.
Aiming: Flame Tongue
Press: ? - help, Shift-Dir - straight line, f/p - killer bee
Aim: a killer bee (severely wounded)
The flame tongue hits the killer bee.
The killer bee is almost dead.
* * * LOW HITPOINT WARNING * * *
You feel sick.
The killer bee stings you but does no damage.
The killer bee barely misses you.
Casting: Flame Tongue
Confirm with . or Enter, or press ? or * to list all spells.
Aiming: Flame Tongue
Press: ? - help, Shift-Dir - straight line, f/p - killer bee
Aim: a killer bee (almost dead)
The flame tongue hits the killer bee.
The killer bee is almost dead.
You die...

.... #.....##.#.#.
..# #.....##.#.#.
#.# ########.#...
#%# #.###. #y# ###
#.# #. #.#
##[###.###. #.#
####.#.##.#...
#.#####...###.#.....
#.y@.......#.####.#.
#######...#.........
###########.## #...
#... ##.. #... #..
#..


You could see a killer bee.

Vanquished Creatures
  The ghost of McKennaii the Magician, a novice DEFE (D:6)
  Prince Ribbit (D:5)
  A hippogriff (D:7)
  A spriggan (D:7)
  Eustachio (D:6)
  A water moccasin (D:6)
  An ice beast (D:4)
  2 sky beasts
  3 black bears
  An ogre (D:7)
  A crocodile (D:8)
  A wolf (D:8)
  A big kobold (D:7)
  Blork the orc (D:5)
  A bullfrog (D:7)
  A scorpion (D:4)
  4 killer bees (D:8)
  2 howler monkeys (D:4)
  A crimson imp (D:7)
  A centaur skeleton (D:6)
  An orc priest (D:6)
  5 hounds
  3 orc wizards
  A bullfrog skeleton (D:6)
  2 iguanas
  6 worker ants
  A hound skeleton (D:6)
  4 adders
  A shadow imp (D:6)
  An adder zombie (D:5)
  A worm (D:2)
  3 leopard geckos
  13 orcs
  6 bats
  3 giant cockroaches
  12 goblins
  7 hobgoblins
  28 jackals
  2 quokkas
  5 frilled lizards
  A jackal skeleton (D:4)
  9 kobolds
  2 leopard gecko skeletons
  2 leopard gecko zombies
  2 quokka skeletons
  3 quokka zombies
  10 rats
161 creatures vanquished.

Notes
Turn   | Place    | Note
-------+----------+-------------------------------------------
     0 | D:1      | McKennaii the Deep Elf Fire Elementalist began the quest for the Orb.
     0 | D:1      | Reached XP level 1. HP: 10/10 MP: 6/6
   146 | D:1      | Reached XP level 2. HP: 11/15 MP: 0/8
   881 | D:2      | Reached XP level 3. HP: 19/19 MP: 6/10
   885 | D:2      | Learned a level 2 spell: Throw Flame
   889 | D:2      | Learned a level 3 spell: Conjure Flame
  1720 | D:2      | Reached skill level 4 in Spellcasting
  1760 | D:2      | Reached XP level 4. HP: 21/24 MP: 2/12
  2754 | D:4      | Reached XP level 5. HP: 28/28 MP: 8/13
  2786 | D:4      | Learned a level 5 spell: Fireball
  2792 | D:4      | Found a staircase to the Ecumenical Temple.
  2811 | Temple   | Entered the Ecumenical Temple
  3032 | Temple   | Became a worshipper of Vehumet
  3165 | D:4      | Found Yvytezubb's Food Shop.
  3303 | D:4      | Found a white marble altar of Elyvilon.
  3607 | D:5      | Entered Level 5 of the Dungeon
  3608 | D:5      | Reached XP level 6. HP: 30/32 MP: 13/15
  3612 | D:5      | Reached skill level 5 in Spellcasting
  3781 | D:5      | Noticed Prince Ribbit
  3807 | D:5      | Killed Prince Ribbit
  3807 | D:5      | Reached skill level 6 in Spellcasting
  3807 | D:5      | Reached skill level 5 in Fire Magic
  3807 | D:5      | Reached XP level 7. HP: 24/36 MP: 5/18
  3936 | D:5      | Reached * piety under Vehumet
  3936 | D:5      | Offered knowledge of Sandblast by Vehumet.
  3999 | D:5      | Noticed Blork the orc
  4006 | D:5      | Killed Blork the orc
  4147 | D:5      | Reached skill level 5 in Conjurations
  4263 | D:5      | Found a sacrificial altar of Ru.
  4465 | D:6      | Noticed McKennaii's ghost (novice DEFE)
  4495 | D:6      | Killed McKennaii's ghost
  4495 | D:6      | Reached skill level 7 in Spellcasting
  4495 | D:6      | Reached XP level 8. HP: 30/41 MP: 6/21
  4964 | D:6      | Noticed Eustachio
  4977 | D:6      | Reached skill level 8 in Spellcasting
  4991 | D:6      | Killed Eustachio
  4991 | D:6      | Reached skill level 5 in Dodging
  5084 | D:6      | Offered knowledge of Searing Ray by Vehumet.
  5106 | D:6      | Learned a level 2 spell: Searing Ray
  5152 | D:6      | Found Qoixog's Weapon Shop.
  5157 | D:6      | Reached ** piety under Vehumet
  5592 | D:7      | Noticed a hippogriff
  5599 | D:7      | Killed a hippogriff
  5599 | D:7      | Reached skill level 9 in Spellcasting
  5612 | D:7      | Reached XP level 9. HP: 41/45 MP: 16/24
  5814 | D:7      | Found a shadowy altar of Dithmenos.
  5865 | D:7      | Found a hazy altar of Hepliaklqana.
  6438 | D:8      | Found a glowing silver altar of Zin.
  6439 | D:8      | Found an opulent altar of Gozag.
  6497 | D:8      | Noticed Grum
  6503 | D:8      | Reached skill level 1 in Armour
  6503 | D:8      | Reached skill level 10 in Spellcasting
  6799 | D:8      | Found a basalt altar of Yredelemnul.
  6828 | D:8      | Noticed a profane servitor
  6842 | D:8      | Found a glowing golden altar of the Shining One.
  6844 | D:8      | Noticed an angel
  7018 | D:8      | Found a staircase to the Lair.
  7140 | D:8      | HP: 2/45 [killer bee (3)]
  7142 | D:8      | Succumbed to a killer bee's poison

Skill      XL: |  1  2  3  4  5  6  7  8  9 |
---------------+----------------------------+-----
Stealth        | 3 4 |  4.4
Conjurations   | 2 3 4 5 6 7 |  7.7
Spellcasting   | 4 6 7 9 10 | 10.3
Fire Magic     | 4 5 6 7 |  7.7
Dodging        | 3 4 5 |  5.4
Armour         | 1 |  1.4
Fighting       | |  0.2

Action                   |  1- 3 |  4- 6 |  7- 9 || total
-------------------------+-------+-------+-------++-------
Melee: Unarmed           |     1 |    10 |    11 ||    22
 Cast: Flame Tongue      |    77 |   103 |   225 ||   405
       Throw Flame       |     7 |     2 |    11 ||    20
       Conjure Flame     |       |       |     5 ||     5
       Fireball          |       |       |     3 ||     3
       Searing Ray       |       |       |     1 ||     1
  Use: Scroll            |       |       |     8 ||     8
  Eat: Chunk             |     2 |     6 |     8 ||    16
       Fruit             |       |     1 |       ||     1
       Pizza             |       |       |     1 ||     1
Armor: Robe              |     4 |     9 |    18 ||    31
       Leather armour    |       |       |    12 ||    12
Dodge: Dodged            |    28 |    41 |   139 ||   208
